 Dungeon Crawl Stone Soup version 0.28-a0-691-gad6df49e81 (webtiles) character file.

Game seed: 14571743638573801989

16192 GordonOverkill the Fighter (level 12, -4/94 HPs)
             Began as a Djinni Berserker on Oct 21, 2021.
             Was a High Priest of Trog.
             Shot with an arrow by a centaur warrior (16 damage)
             ... on level 13 of the Dungeon.
             The game lasted 00:20:18 (9484 turns).

GordonOverkill the Fighter (Djinni Berserker)       Turns: 9484, Time: 00:20:18

Health: -4/94      AC: 18    Str: 20    XL:     12   Next: 67%
Gold:   560        EV: 10    Int:  9    God:    Trog [*****.] SH:  5 Dex: 14

rFire   + + .      SeeInvis +   k - +14 obsidian axe {vorpal, Mesm Drain Fly SInv}
rCold   x . .      Faith    .   m - +0 buckler
rNeg    + . .      Spirit   .   h - +3 chain mail {rN+}
rPois   ∞          Reflect  .   t - +2 hat
rElec   .          Harm     .   n - +0 cloak
rCorr   .          Rampage  .   (no gloves)
Will    +....                   (boots unavailable)
Stlth   ..........              e - amulet of regeneration
HPRegen 1.25/turn               (no ring)
MPRegen 0.00/turn               (no ring)

@: on berserk cooldown, flying, mesmerised, slowed, studying 3 skills, very slow
A: sickness immunity, fire resistance 2, cold vulnerability 1, float, innate
caster, hp casting, extra vitality 1
a: Renounce Religion, Berserk, Trog's Hand, Brothers in Arms


You were on level 13 of the Dungeon.
You worshipped Trog.
Trog was extremely pleased with you.
You visited 1 branch of the dungeon, and saw 13 of its levels.
You also visited: Sewer.

You collected 560 gold pieces.

Inventory:

Hand Weapons
 k - the +14 obsidian axe (weapon) {vorpal, Mesm Drain Fly SInv}
   (You found it on level 4 of the Dungeon)

   It inflicts extra damage upon your enemies.
   It occasionally summons demons to assist the wielder when it strikes in
   combat.
   Its wielder is mesmerised by any visible foes.
   It cannot be unequipped while any foes are visible.
   SInv:      It lets you see invisible.
   Fly:       It grants you flight.
   Drain:     It drains your maximum health when unequipped.
 K - a +3 broad axe
Missiles
 v - 2 throwing nets (quivered)
 D - 8 curare-tipped darts
Armour
 h - a +3 chain mail of positive energy (worn)
 m - a +0 buckler (worn)
 n - a +0 cloak (worn)
 t - a +2 hat (worn)
Jewellery
 e - an amulet of regeneration (around neck)
 f - a ring of ice
 u - a ring of ice
 w - a ring of fire
 I - an amulet of faith
Wands
 b - a wand of mindburst (5)
 c - a wand of charming (11)
 l - a wand of polymorph (13)
 s - a wand of flame (14)
 y - a wand of iceblast (10)
 F - a wand of paralysis (13)
Scrolls
 j - a scroll of identify
 p - 5 scrolls of teleportation
 r - a scroll of vulnerability
 B - a scroll of magic mapping {unknown}
 C - 2 scrolls of enchant weapon
Potions
 a - a potion of heal wounds
 d - 2 potions of lignification
 g - a potion of might
 i - a potion of attraction
 x - a potion of cancellation
 z - 4 potions of curing
 A - a potion of ambrosia
 H - a potion of haste
Miscellaneous
 E - a tin of tremorstones (2/2)
 J - a condenser vane


   Skills:
 + Level 11.4 Fighting
 - Level 7.0 Long Blades
 * Level 10.4 Axes
 + Level 10.0 Armour
 + Level 5.1 Dodging
 - Level 4.0 Shields
 - Level 4.0 Evocations


You couldn't memorise any spells.
You knew the following spells:

 Your Spells              Type           Power      Damage    Failure   Level
a - Freeze                Ice            0%         1d3       96%         1
b - Scorch                Fire           0%         2d5       99%         2
c - Corpse Rot            Necr/Air       0%         N/A       99%         2
d - Petrify               Tmut/Erth      0%         N/A       100%        4
e - Yara's Violent Unrav  Hex/Tmut       0%         3d3       100%        5
Your spell library was empty.


Dungeon Overview and Level Annotations

Branches:
Dungeon (13/15)            Temple (0/1) D:7            Lair (0/6) D:10
    Orc (0/2) D:11          Sewer (visited)
 Vaults: D:13-14

Altars:
Ashenzari
Cheibriados
Fedhas
Kikubaaqudgha
Makhleb
Trog
Uskayaw
Vehumet
Zin
Beogh

Shops:
D:3 :   D:6 *


Innate Abilities, Weirdness & Mutations

You are immune to sickness and miasma.
You are immune to poison.
Your flesh is very heat resistant. (rF++)
You are vulnerable to cold. (rC-)
You float through the air rather than walking.
You learn spells naturally, not from books.
Your magical power is your life essence.
You have superior vitality. (+4 HP)


Message History

The fireball explodes!
The fireball engulfs you. You resist.
The fireball engulfs the efreet.
The efreet completely resists.
You slash the efreet!
You are no longer entranced.
You kill the efreet!
Trog accepts your kill.
Visions of slaying the centaur warrior flood into your mind.
The centaur warrior wields a +0 longbow.
The centaur warrior shoots an arrow.
The arrow hits you!!
The centaur warrior shoots an arrow.
The arrow hits you!
You are too injured to fight recklessly!
You are too injured to fight recklessly!
You cannot move away from the centaur warrior!
You cannot move away from the centaur warrior!
You feel a strong urge to attack something.
The centaur warrior shoots an arrow.
The arrow hits you!
* * * LOW HITPOINT WARNING * * *
The centaur warrior shoots an arrow.
The arrow hits you!!
* * * LOW HITPOINT WARNING * * *
You feel your anger nearly subside.
You are no longer berserk.
You are exhausted.
You feel yourself slow down.
The centaur warrior shoots an arrow.
You block the arrow.
The centaur warrior shoots an arrow.
The arrow hits you!!
* * * LOW HITPOINT WARNING * * *
There is a stone staircase leading up here.
You cannot move away from the centaur warrior!
Okay, then.
As you read the scroll of fear, it crumbles to dust.
You assume a fearsome visage.
The centaur warrior resists with some effort.
The centaur warrior shoots an arrow.
The arrow hits you!!
* * * LOW HITPOINT WARNING * * *
The centaur warrior shoots an arrow.
You block the arrow.
Okay, then.
Aiming: Paralyse
Press: ? - help, Shift-Dir - straight line, f - centaur warrior
Aim: a centaur warrior, wielding a +0 longbow and quivering arrows (mesmerising, chance to affect: 40%)
The centaur warrior resists with some effort.
The centaur warrior shoots an arrow.
The arrow hits you!
You die...

########+#######...
........).....c....
#..#......#..#
#..<....@....#
....................
####################


You could see a centaur warrior (mesmerising).

Vanquished Creatures
  A boulder beetle (D:7)
  2 hydras
  7 centaur zombies
  A gargoyle (D:12)
  Psyche (D:8)
  An efreet (D:13)
  A kobold demonologist (D:11)
  A troll (D:11)
  A hornet (D:9)
  Grinder (D:6)
  2 shadows (D:12)
  8 yaks
  A vampire (D:5)
  2 wyverns
  A steam dragon (D:8)
  4 vampire mosquitoes (D:11)
  A warg (D:10)
  2 acid dragons
  3 orc warriors
  3 water moccasins
  Purgy (Sewer)
  2 black bears (D:6)
  4 ogres
  3 necrophages
  2 hornet zombies
  A centaur (D:9)
  2 phantoms
  10 kobold brigands
  A bullfrog (D:7)
  A scorpion (D:6)
  A wyvern skeleton (D:4)
  3 water moccasin skeletons
  6 killer bees
  9 wights
  4 howler monkeys (D:9)
  7 orc priests
  4 hounds
  A centaur skeleton (D:6)
  2 iguanas (D:6)
  Ijyb (D:3)
  10 orc wizards
  Terence (D:2)
  A killer bee zombie (D:8)
  A mummy (D:12)
  A howler monkey zombie (D:3)
  3 gnolls (D:6)
  4 adders
  A howler monkey skeleton (D:6)
  2 shadow imps
  A white imp (D:5)
  An ufetubus (D:6)
  4 worms
  2 dart slugs (D:1)
  25 orcs
  5 endoplasms
  4 giant cockroaches
  2 goblins (D:1)
  4 hobgoblins
  7 quokkas
  5 ball pythons
  5 bats
  2 frilled lizards
  20 kobolds
  25 rats
245 creatures vanquished.

Vanquished Creatures (collateral kills)
  A hydra (D:12)
  Harold (D:8)
  A cyclops (D:12)
  2 kobold demonologists
  A troll (D:9)
  A hornet (D:10)
  2 shadows
  A wyvern (D:9)
  A yak (D:10)
  A warg (D:10)
  An orc warrior (D:9)
  A centaur (D:9)
  8 kobold brigands
  4 killer bees
  An orc wizard (D:9)
  4 orcs
  2 kobolds (D:10)
33 creatures vanquished.

Vanquished Creatures (others)
  An orc wizard (D:10)
  A withered plant (D:12)
2 creatures vanquished.

Grand Total: 280 creatures vanquished

Notes
Turn   | Place    | Note
-------+----------+-------------------------------------------
     0 | D:1      | GordonOverkill the Djinni Berserker began the quest for the
                  | Orb.
     0 | D:1      | Reached XP level 1. HP: 20/20 MP: 0/0
   172 | D:1      | Reached XP level 2. HP: 21/25 MP: 0/0
   542 | D:1      | Found a faded altar of an unknown god.
   756 | D:1      | Reached XP level 3. HP: 21/30 MP: 0/0
   756 | D:1      | Learned a level 1 spell: Freeze
  1152 | D:2      | Noticed Terence
  1159 | D:2      | Killed Terence
  1326 | D:2      | Reached XP level 4. HP: 35/35 MP: 0/0
  1595 | D:2      | Reached ** piety under Trog
  1733 | D:2      | Found a bloodstained altar of Trog.
  2140 | D:3      | Found Ityficw's Book Emporium.
  2272 | D:3      | Noticed Ijyb
  2292 | D:3      | Killed Ijyb
  2293 | D:3      | Reached skill level 5 in Long Blades
  2293 | D:3      | Reached XP level 5. HP: 34/40 MP: 0/0
  2293 | D:3      | Learned a level 2 spell: Scorch
  2526 | D:3      | Found a hide-covered altar of Uskayaw.
  2578 | D:3      | Noticed a phantom
  2592 | D:3      | Killed a phantom
  2593 | D:3      | Reached skill level 1 in Evocations
  2593 | D:3      | Reached XP level 6. HP: 46/46 MP: 0/0
  2751 | D:4      | Found a burning altar of Makhleb.
  2751 | D:4      | Noticed a cacodemon
  2754 | D:4      | Noticed a hellwing
  2754 | D:4      | Noticed a hellwing
  2792 | D:4      | Reached XP level 7. HP: 42/50 MP: 0/0
  2792 | D:4      | Learned a level 2 spell: Corpse Rot
  2810 | D:4      | Noticed a water moccasin
  2819 | D:4      | Killed a water moccasin
  2924 | D:4      | Reached *** piety under Trog
  2927 | D:4      | Found a glowing drain.
  2932 | Sewer    | Entered a sewer
  2960 | Sewer    | Noticed Purgy
  2964 | Sewer    | Killed Purgy
  3246 | D:4      | Reached XP level 8. HP: 56/56 MP: 0/0
  3286 | D:4      | Found the +14 obsidian axe {vorpal, Mesm Drain Fly SInv}
  3509 | D:5      | Entered Level 5 of the Dungeon
  3531 | D:5      | Found a bloodstained altar of Trog.
  3538 | D:5      | Reached skill level 1 in Axes
  3554 | D:5      | Noticed a vampire
  3559 | D:5      | Killed a vampire
  4073 | D:5      | Reached skill level 4 in Fighting
  4305 | D:5      | Found a broken altar of Ashenzari.
  4572 | D:6      | Found Ahenen's General Store.
  4580 | D:6      | Noticed Grinder
  4587 | D:6      | Reached XP level 9. HP: 63/63 MP: 0/0
  4587 | D:6      | Learned a level 4 spell: Petrify
  4587 | D:6      | Killed Grinder
  4603 | D:6      | Reached **** piety under Trog
  4604 | D:6      | Reached skill level 5 in Fighting
  4609 | D:6      | Reached skill level 5 in Dodging
  4674 | D:6      | Reached skill level 5 in Armour
  4693 | D:6      | Found a snail-covered altar of Cheibriados.
  4900 | D:6      | Reached XP level 10. HP: 72/72 MP: 0/0
  5102 | D:7      | Reached skill level 6 in Fighting
  5127 | D:7      | Reached skill level 5 in Axes
  5431 | D:7      | Noticed a boulder beetle
  5438 | D:7      | Reached skill level 1 in Shields
  5450 | D:7      | Killed a boulder beetle
  5520 | D:7      | Found a staircase to the Ecumenical Temple.
  5994 | D:7      | Identified a scroll of acquirement
  5996 | D:7      | Acquired a manual of Armour
  6201 | D:8      | Noticed Psyche
  6213 | D:8      | Killed Psyche
  6214 | D:8      | Reached skill level 7 in Fighting
  6271 | D:8      | Noticed Harold
  6285 | D:8      | Killed Harold
  6323 | D:8      | You are sucked into a shaft and drop 1 floor!
  6373 | D:9      | Reached ***** piety under Trog
  6384 | D:9      | Reached XP level 11. HP: 57/79 MP: 0/0
  6384 | D:9      | Learned a level 5 spell: Yara's Violent Unravelling
  6403 | D:9      | Noticed a sixfirhy
  6862 | D:8      | Identified the +1 leather armour "Daisoeh" {Str+2}
  6914 | D:9      | Found a blossoming altar of Fedhas.
  7130 | D:9      | Acquired a manual of Fighting
  7142 | D:10     | Entered Level 10 of the Dungeon
  7314 | D:10     | Reached skill level 8 in Fighting
  7349 | D:10     | Found a staircase to the Lair.
  7536 | D:10     | Received a gift from Trog
  7540 | D:10     | Reached skill level 9 in Fighting
  7885 | D:10     | Found a glowing silver altar of Zin.
  8115 | D:11     | Noticed a four-headed hydra
  8128 | D:11     | Killed a seven-headed hydra
  8129 | D:11     | Reached XP level 12. HP: 90/90 MP: 0/0
  8400 | D:11     | Reached skill level 10 in Fighting
  8549 | D:11     | Found a staircase to the Orcish Mines.
  8908 | D:12     | Reached skill level 10 in Armour
  8944 | D:12     | Noticed a five-headed hydra
  8949 | D:12     | Killed an eight-headed hydra
  8995 | D:12     | Reached skill level 10 in Axes
  8997 | D:12     | Reached skill level 11 in Fighting
  9234 | D:12     | Noticed a six-headed hydra
  9240 | D:12     | Killed an eight-headed hydra
  9398 | D:12     | Acquired a manual of Dodging
  9477 | D:13     | Noticed a centaur warrior
  9484 | D:13     | Shot with an arrow by a centaur warrior

Illustrated notes

Levels and vault maps discovered:
D:1:      minmay_arrival_semitransparent, layout_loops_ring,
          chequers_ecumenical_altar_island
D:2:      layout_rooms, basic_altar, kennysheep_generic_room_2, uniq_terence
D:3:      cheibrodos_helix_gallery, layout_basic, mainiacjoe_overflow_alcove_4,
          serial_shops, nicolae_shop_behind_doors, minmay_rat_hole, uniq_ijyb
D:4:      layout_cave_pools, makhleb_altar_promises_db, gup_sewer_entry_spiral
D:5:      layout_loops_corners, kennysheep_mini_moat,
          ashenzari_conservatory_becter, hex_large
D:6:      layout_basic, old_standard_altar, nicolae_overflow_hidden_temple,
          vehumet_crystals, serial_shops, shop, uniq_grinder
D:7:      layout_loops_ring, minmay_temple_entry_proselytizer
D:8:      layout_rooms, overflow_temple_1_default, uniq_harold, uniq_psyche
D:9:      layout_small_grid, mainiacjoe_overflow_tiny_flanked,
          kennysheep_generic_room_7
D:10:     layout_long_grid, kennysheep_little_box, erik_lair_orcish_takeover,
          special_room [special_room_kobold], minivault_10
D:11:     layout_roguey, minmay_orc_entry_temple_small
D:12:     layout_gridville, serial_undead, serial_undead_d, serial_undead_d,
          serial_undead_b, serial_undead_f
D:13:     layout_stronghold, ximxim_vaults_locker_room, minmay_puff

Skill      XL: |  1  2  3  4  5  6  7  8  9 10 11 12 |
---------------+-------------------------------------+-----
Long Blades    | 3 4 5 6 7 |  7.0
Evocations     | 1 2 4 |  4.0
Axes           | 2 4 7 9 10 | 10.4
Dodging        | 4 5 |  5.1
Armour         | 3 5 6 9 10 | 10.0
Fighting       | 4 5 7 9 11 | 11.4
Shields        | 3 4 |  4.0

Action                   |  1- 3 |  4- 6 |  7- 9 | 10-12 || total
-------------------------+-------+-------+-------+-------++-------
Melee: Falchion          |    53 |   179 |    75 |       ||   307
       Broad axe         |       |       |    76 |   252 ||   328
Invok: Berserk           |    10 |     9 |     7 |    17 ||    43
       Trog's Hand       |       |     1 |     2 |     1 ||     4
Evoke: Wand              |       |       |       |     1 ||     1
  Use: Scroll            |       |     4 |     1 |    18 ||    23
       Potion            |       |     2 |     2 |     3 ||     7
 Stab: Sleeping          |     2 |       |       |       ||     2
       Distracted        |       |       |       |     3 ||     3
Armor: Animal skin       |    14 |       |       |       ||    14
       Chain mail        |       |   153 |   101 |   165 ||   419
Dodge: Dodged            |    29 |    92 |    60 |   117 ||   298
Block: Buckler           |       |       |       |    74 ||    74

Table legend: (Time is in decaauts)
 A = Elapsed time spent in this place.
 B = Non-inter-level travel time spent in this place.
 C = Inter-level travel time spent in this place.
 D = Time resting spent in this place.
 E = Time spent auto-exploring this place.
 F = Levels seen in this place.
 G = Mean time per level.
                   A        B        C        D        E       F      G
               +--------+--------+--------+--------+--------+-----+--------+
         Total |   9977 |   9501 |    476 |   1975 |   5303 |  14 |  712.6 |
       Dungeon |   9827 |   9351 |    476 |   1933 |   5301 |  13 |  755.9 |
         Sewer |    150 |    150 |      0 |     42 |      2 |   1 |  150.0 |
               +--------+--------+--------+--------+--------+-----+--------+

Top non-repeatable levels by time:
     D:1: 1293 daAuts
     D:5: 1054 daAuts
     D:3: 974 daAuts
    D:10: 934 daAuts
     D:7: 905 daAuts
    D:11: 864 daAuts
     D:4: 663 daAuts
     D:2: 660 daAuts
     D:6: 642 daAuts
     D:8: 630 daAuts
    D:12: 624 daAuts
     D:9: 572 daAuts
   Sewer: 150 daAuts
    D:13: 8 daAuts
